Anaheim Ducks vs Toronto Maple Leafs
Created - Monday, November 6, 2023 at 06:39
Goals
|
| Anaheim Ducks |
0 |
2 |
0 |
2 |
| Toronto Maple Leafs |
2 |
0 |
2 |
4 |
|
Shots
|
| Anaheim Ducks |
13 |
11 |
6 |
30 |
| Toronto Maple Leafs |
11 |
8 |
20 |
39 |
|
1st period
1. Toronto Maple Leafs , Troy Terry 23 (Trevor Zegras 24) at 8:05
2. Toronto Maple Leafs , Troy Terry 24 (Trevor Zegras 25) at 11:02
Penalties :
Luke Schenn (TOR) for Fighting (Major) at 11:59, Alex Killorn (ANA) for Fighting (Major) at 11:59, Josh Manson (ANA) for Holding (Minor) at 12:53, Luke Schenn (TOR) for Roughing (Minor) at 19:12
2nd period
3. Anaheim Ducks , William Nylander 37 (Mark Scheifele 26, John Tavares 47) at 10:24
4. Anaheim Ducks , Brayden Schenn 11 (Chandler Stephenson 24, Alex Killorn 15) at 18:01 (PP)
Penalties :
Joshua Morrissey (ANA) for Tripping (Minor) at 0:33, Aaron Ekblad (TOR) for Hooking (Minor) at 11:32, Sam Bennett (TOR) for Diving (Minor) at 13:45, Sam Bennett (TOR) for Hooking (Minor) at 17:11
3rd period
5. Toronto Maple Leafs , Brady Tkachuk 35 (Sam Bennett 30) at 11:04 (PP)
6. Toronto Maple Leafs , Sam Bennett 19 (Brady Tkachuk 32) at 17:14 (PP)
Penalties :
Andrew Mangiapane (TOR) for Hooking (Minor) at 0:59, Josh Manson (ANA) for Roughing (Minor) at 11:00, Joshua Morrissey (ANA) for Tripping (Minor) at 16:42
Goalie Stats
Jack Campbell (ANA), 35 saves from 39 shots - (0.897), L, 6-5-1, 60:00 minutes
Cam Talbot (TOR), 28 saves from 30 shots - (0.933), W, 6-8-1, 60:00 minutes
Players Stats for Anaheim Ducks
Player Name G A P +/- PIM S H SB GA TA FO MP PP MP PK MP
------------------------------------------------------------------------------------
Alex Killorn 0 1 1 -1 5 2 0 2 1 0 0/2 16:49 3:55 1:05
Brayden Schenn 1 0 1 -1 0 2 0 0 1 0 0/0 15:16 3:55 0:58
Brenden Dillon 0 0 0 0 0 2 2 1 0 2 0/0 22:41 3:59 2:04
Calle Jarnkrok 0 0 0 0 0 1 0 0 0 1 0/0 7:14 0:00 0:00
Chandler Stephenson 0 1 1 -1 0 2 0 1 0 0 6/14 18:34 3:55 2:03
Esa Lindell 0 0 0 -1 0 1 2 3 1 2 0/0 25:02 3:59 1:48
Ivan Provorov 0 0 0 0 0 0 1 0 0 0 0/0 14:15 0:00 1:50
J.T. Compher 0 0 0 -1 0 2 3 0 0 0 1/5 12:26 0:03 1:42
Jakob Chychrun 0 0 0 0 0 1 0 1 0 1 0/0 22:08 4:09 0:51
John Tavares 0 1 1 1 0 1 2 0 1 0 18/32 21:32 4:10 0:00
Josh Manson 0 0 0 0 4 0 2 0 0 0 0/0 12:52 0:00 0:59
Joshua Morrissey 0 0 0 -1 4 2 2 1 1 1 0/0 23:19 4:08 0:20
Mark Scheifele 0 1 1 1 0 2 0 0 0 0 1/2 21:37 4:13 0:02
Mason Marchment 0 0 0 0 0 1 1 0 1 0 0/0 7:14 0:00 0:00
Max Domi 0 0 0 -1 0 2 1 0 0 1 1/1 13:10 0:00 0:38
Nazem Kadri 0 0 0 0 0 3 0 0 1 0 3/3 7:23 0:00 0:09
Teuvo Teravainen 0 0 0 -1 0 0 2 1 1 0 0/1 11:54 0:00 1:15
William Nylander 1 0 1 1 0 6 1 0 0 2 0/1 21:55 4:13 0:00
Players Stats for Toronto Maple Leafs
Player Name G A P +/- PIM S H SB GA TA FO MP PP MP PK MP
------------------------------------------------------------------------------------
Aaron Ekblad 0 0 0 1 2 2 2 0 2 0 0/0 26:01 3:00 3:26
Andrew Mangiapane 0 0 0 0 2 4 2 1 0 0 0/0 10:04 0:02 0:00
Brady Tkachuk 1 1 2 0 0 4 2 1 0 0 1/2 19:43 2:01 1:03
Brandon Saad 0 0 0 0 0 2 0 0 1 0 0/0 17:39 0:59 0:00
Cody Ceci 0 0 0 1 0 2 1 0 0 1 0/0 26:24 1:04 4:50
Dougie Hamilton 0 0 0 -1 0 3 3 1 0 3 0/0 22:23 2:52 1:41
Kyle Okposo 0 0 0 0 0 2 0 0 0 0 0/0 11:58 0:00 2:19
Luke Schenn 0 0 0 1 7 0 1 0 0 0 0/0 13:04 0:56 3:04
Mario Ferraro 0 0 0 1 0 0 0 2 0 0 0/0 13:10 0:00 3:15
Nick Bjugstad 0 0 0 -1 0 4 1 0 0 0 4/9 12:05 0:00 4:46
Nicolas Roy 0 0 0 0 0 0 1 0 0 0 3/5 15:30 0:56 4:46
Nino Niederreiter 0 0 0 -1 0 3 1 0 1 0 0/0 8:29 0:00 1:03
Ryan Pulock 0 0 0 -1 0 0 0 0 0 3 0/0 19:38 0:56 0:00
Sam Bennett 1 1 2 0 4 4 1 1 2 0 11/26 18:25 2:01 0:00
Scott Laughton 0 0 0 2 0 2 1 0 2 1 12/18 17:43 0:59 2:19
Trevor Zegras 0 2 2 2 0 2 1 1 1 0 0/1 15:26 1:53 0:00
Troy Terry 2 0 2 2 0 5 2 0 1 0 0/0 16:09 2:01 0:00
Warren Foegele 0 0 0 -1 0 0 2 0 0 0 0/0 7:17 0:00 0:00
3 Stars
1 - Troy Terry (TOR)
2 - Brady Tkachuk (TOR)
3 - Trevor Zegras (TOR)
Power Play
Anaheim Ducks - 1 on 5 Attempt(s) - 20.00%
Toronto Maple Leafs - 2 on 4 Attempt(s) - 50.00%
Penalty Kill
Anaheim Ducks - 2 on 4 Attempt(s) - 50.00%
- Score 0 goal in Penalty Kill
Toronto Maple Leafs - 4 on 5 Attempt(s) - 80.00%
- Score 0 goal in Penalty Kill
Team Stat
Anaheim Ducks - Hits : 19 - Faceoff Wins : 30 - Blocked Shots : 10 - Penalty Minutes : 13
Toronto Maple Leafs - Hits : 21 - Faceoff Wins : 31 - Blocked Shots : 7 - Penalty Minutes : 15
Official
Referees : Evgeny Romasko and Ian Walsh
Linesman : Matt MacPherson and Tony Sericolo
Game Notes
Luke Schenn beats up Alex Killorn at 11:59 of 1st period
Finance
Level 1 -- Attendance: 5458 (90.97%) -- Ticket Income $513,052
Level 2 -- Attendance: 5000 (100.00%) -- Ticket Income $270,000
Level 3 -- Attendance: 3000 (100.00%) -- Ticket Income $99,000
Level 4 -- Attendance: 4511 (90.22%) -- Ticket Income $94,731
Luxury Box -- Attendance: 881 (88.10%) -- Ticket Income $170,033
Game was played at the Air Canada Centre.
Total Attendance: 18850 (94.25%)
Total Ticket Income: $1,146,816
Other Income: $401,386
Total Income: $1,548,202
Anaheim Ducks
5 vs 5 Forward
Center Left Wing Right Wing Time % Phy DF OF
1 John Tavares William Nylander Mark Scheifele 40 1 2 2
2 Chandler Stephenson Alex Killorn Max Domi 30 1 2 2
3 J.T. Compher Teuvo Teravainen Brayden Schenn 20 1 2 2
4 Nazem Kadri Mason Marchment Calle Jarnkrok 10 1 2 2
5 vs 5 Defense
Defense Defense Time % Phy DF OF
1 Esa Lindell Joshua Morrissey 40 1 2 2
2 Brenden Dillon Jakob Chychrun 35 1 2 2
3 Ivan Provorov Josh Manson 25 1 2 2
4 Esa Lindell Ivan Provorov 0 1 2 2
PowerPlay Forward
Center Left Wing Right Wing Time % Phy DF OF
1 John Tavares Mark Scheifele William Nylander 60 1 1 3
2 Chandler Stephenson Alex Killorn Brayden Schenn 40 1 1 3
PowerPlay Defense
Defense Defense Time % Phy DF OF
1 Joshua Morrissey Jakob Chychrun 55 1 2 2
2 Esa Lindell Brenden Dillon 45 1 2 2
Penalty Kill 4 Players Forward
Center Wing Time % Phy DF OF
1 Chandler Stephenson Alex Killorn 55 1 3 1
2 J.T. Compher Teuvo Teravainen 45 1 3 1
Penalty Kill 4 Players Defense
Defense Defense Time % Phy DF OF
1 Esa Lindell Brenden Dillon 50 1 3 1
2 Ivan Provorov Josh Manson 50 1 3 1
Penalty Kill - 3 Players Forward
Forward Time % Phy DF OF
1 Alex Killorn 50 1 3 1
2 J.T. Compher 50 1 3 1
Penalty Kill - 3 Players Defense
Defense Defense Time % Phy DF OF
1 Esa Lindell Brenden Dillon 50 1 3 1
2 Ivan Provorov Josh Manson 50 1 3 1
4 vs 4 Forward
Center Wing Time % Phy DF OF
1 John Tavares William Nylander 50 1 2 2
2 Max Domi Mark Scheifele 50 1 2 2
4 vs 4 Defense
Defense Defense Time % Phy DF OF
1 Esa Lindell Josh Manson 50 1 2 2
2 Brenden Dillon Joshua Morrissey 50 1 2 2
Last Minutes Offensive
Center Left Wing Right Wing Defense Defense
John Tavares William Nylander Mark Scheifele Joshua Morrissey Jakob Chychrun
Last Minutes Defensive
Center Left Wing Right Wing Defense Defense
Chandler Stephenson Alex Killorn Teuvo Teravainen Brenden Dillon Esa Lindell
Goaltenders
Starting : Jack Campbell
Backup : Linus Ullmark
Extra Forwards
Normal : William Nylander, John Tavares, Mark Scheifele - PP : William Nylander, Mark Scheifele - PK : Alex Killorn
Extra Defensemen
Normal : Brenden Dillon, Esa Lindell, Ivan Provorov - PP : Joshua Morrissey - PK : Esa Lindell, Josh Manson
Penalty Shots
William Nylander, Teuvo Teravainen, Mark Scheifele, Calle Jarnkrok, Alex Killorn
Toronto Maple Leafs
5 vs 5 Forward
Center Left Wing Right Wing Time % Phy DF OF
1 Sam Bennett Brady Tkachuk Brandon Saad 40 1 2 2
2 Scott Laughton Trevor Zegras Troy Terry 30 1 2 2
3 Nicolas Roy Andrew Mangiapane Kyle Okposo 20 1 2 2
4 Nick Bjugstad Warren Foegele Nino Niederreiter 10 1 2 2
5 vs 5 Defense
Defense Defense Time % Phy DF OF
1 Aaron Ekblad Cody Ceci 40 1 2 2
2 Dougie Hamilton Ryan Pulock 30 1 2 2
3 Mario Ferraro Luke Schenn 20 1 2 2
4 Dougie Hamilton Ryan Pulock 10 1 2 2
PowerPlay Forward
Center Left Wing Right Wing Time % Phy DF OF
1 Sam Bennett Brady Tkachuk Troy Terry 60 1 2 2
2 Scott Laughton Trevor Zegras Brandon Saad 40 1 2 2
PowerPlay Defense
Defense Defense Time % Phy DF OF
1 Aaron Ekblad Dougie Hamilton 60 1 2 2
2 Cody Ceci Ryan Pulock 40 1 2 2
Penalty Kill 4 Players Forward
Center Wing Time % Phy DF OF
1 Nick Bjugstad Nicolas Roy 60 1 2 2
2 Scott Laughton Kyle Okposo 40 1 2 2
Penalty Kill 4 Players Defense
Defense Defense Time % Phy DF OF
1 Aaron Ekblad Cody Ceci 60 1 2 2
2 Mario Ferraro Luke Schenn 40 1 2 2
Penalty Kill - 3 Players Forward
Forward Time % Phy DF OF
1 Nick Bjugstad 60 1 2 2
2 Scott Laughton 40 1 2 2
Penalty Kill - 3 Players Defense
Defense Defense Time % Phy DF OF
1 Aaron Ekblad Cody Ceci 60 1 2 2
2 Mario Ferraro Luke Schenn 40 1 2 2
4 vs 4 Forward
Center Wing Time % Phy DF OF
1 Scott Laughton Troy Terry 60 1 2 2
2 Nicolas Roy Trevor Zegras 40 1 2 2
4 vs 4 Defense
Defense Defense Time % Phy DF OF
1 Dougie Hamilton Ryan Pulock 60 1 2 2
2 Aaron Ekblad Cody Ceci 40 1 2 2
Last Minutes Offensive
Center Left Wing Right Wing Defense Defense
Sam Bennett Brady Tkachuk Troy Terry Aaron Ekblad Dougie Hamilton
Last Minutes Defensive
Center Left Wing Right Wing Defense Defense
Nick Bjugstad Scott Laughton Nicolas Roy Aaron Ekblad Cody Ceci
Goaltenders
Starting : Cam Talbot
Backup : Frederik Andersen
Extra Forwards
Normal : Andrew Mangiapane, Nicolas Roy, Nino Niederreiter - PP : Andrew Mangiapane, Nicolas Roy - PK : Nino Niederreiter
Extra Defensemen
Normal : Mario Ferraro, Luke Schenn, Ryan Pulock - PP : Mario Ferraro - PK : Luke Schenn, Dougie Hamilton
Penalty Shots
Trevor Zegras, Kyle Okposo, Nick Bjugstad, Nicolas Roy, Troy Terry
% Time on Ice - Anaheim Ducks
Lines # - Real PCT - Wanted PCT - Time Play
Normal Forward
1 - 36% - 40% - 17:08
2 - 26% - 30% - 12:17
3 - 23% - 20% - 10:39
4 - 15% - 10% - 7:14
Normal Defense
1 - 41% - 40% - 19:11
2 - 34% - 35% - 16:00
3 - 25% - 25% - 11:53
4 - 0% - 0% - 0:14
PP Forward
1 - 52% - 60% - 4:13
2 - 48% - 40% - 3:55
PP Defense
1 - 51% - 55% - 4:09
2 - 49% - 45% - 3:59
PK Forward
1 - 67% - 55% - 2:39
2 - 33% - 45% - 1:17
PK Defense
1 - 41% - 50% - 1:36
2 - 59% - 50% - 2:20
PK3 Forward
1 - 0% - 50%
2 - 0% - 50%
PK3 Defense
1 - 0% - 50%
2 - 0% - 50%
44 Forward
1 - 58% - 50% - 0:22
2 - 42% - 50% - 0:16
44 Defense
1 - 100% - 50% - 0:38
2 - 0% - 50% - 0:00
Last Minute Offensive - 0:00
Last Minute Defensive - 0:00
Total
Forward - 60:00
Defense - 60:00
|
% Time on Ice - Toronto Maple Leafs
Lines # - Real PCT - Wanted PCT - Time Play
Normal Forward
1 - 35% - 40% - 16:28
2 - 29% - 30% - 13:54
3 - 20% - 20% - 9:39
4 - 15% - 10% - 7:17
Normal Defense
1 - 40% - 40% - 19:04
2 - 30% - 30% - 14:17
3 - 23% - 20% - 10:59
4 - 6% - 10% - 2:58
PP Forward
1 - 51% - 60% - 2:01
2 - 49% - 40% - 1:55
PP Defense
1 - 73% - 60% - 2:52
2 - 27% - 40% - 1:04
PK Forward
1 - 72% - 60% - 5:49
2 - 28% - 40% - 2:19
PK Defense
1 - 60% - 60% - 4:53
2 - 40% - 40% - 3:15
PK3 Forward
1 - 0% - 60%
2 - 0% - 40%
PK3 Defense
1 - 0% - 60%
2 - 0% - 40%
44 Forward
1 - 97% - 60% - 0:37
2 - 3% - 40% - 0:01
44 Defense
1 - 89% - 60% - 0:34
2 - 11% - 40% - 0:04
Last Minute Offensive - 0:00
Last Minute Defensive - 0:00
Total
Forward - 60:00
Defense - 60:00
|
Play-by-Play
1st period
0:01 of 1st period - John Tavares wins face-off versus Sam Bennett in neutral zone.
0:41 of 1st period - Wrist shot by Scott Laughton.
0:41 of 1st period - Shot Misses the Net.
1:43 of 1st period - Slapshot by Nazem Kadri.
1:43 of 1st period - Stopped by Cam Talbot without a rebound.
1:44 of 1st period - Scott Laughton wins face-off versus John Tavares in Toronto Maple Leafs zone.
1:49 of 1st period - Esa Lindell is hit by Dougie Hamilton.
1:59 of 1st period - Snap shot by William Nylander.
1:59 of 1st period - Shot Misses the Net.
2:01 of 1st period - Snap shot by Mark Scheifele.
2:01 of 1st period - Shot Blocked by Dougie Hamilton.
2:11 of 1st period - Esa Lindell is hit by Brady Tkachuk and loses puck.
2:35 of 1st period - Icing by Nicolas Roy.
2:36 of 1st period - Nicolas Roy wins face-off versus J.T. Compher in Toronto Maple Leafs zone.
2:41 of 1st period - Snap shot by Kyle Okposo.
2:41 of 1st period - Stopped by Jack Campbell without a rebound.
2:42 of 1st period - John Tavares wins face-off versus Sam Bennett in Anaheim Ducks zone.
2:46 of 1st period - Off-side.
2:47 of 1st period - Sam Bennett wins face-off versus Mark Scheifele in neutral zone.
2:56 of 1st period - Snap shot by William Nylander.
2:56 of 1st period - Shot Blocked by Mario Ferraro.
2:58 of 1st period - Wrist shot by Mark Scheifele.
2:58 of 1st period - Stopped by Cam Talbot without a rebound.
2:59 of 1st period - Chandler Stephenson wins face-off versus Sam Bennett in Toronto Maple Leafs zone.
4:06 of 1st period - Snap shot by Brady Tkachuk.
4:06 of 1st period - Deflect By Sam Bennett.
4:06 of 1st period - Shot Blocked by Joshua Morrissey.
4:06 of 1st period - Puck is out of play.
4:07 of 1st period - Scott Laughton wins face-off versus John Tavares in Anaheim Ducks zone.
5:01 of 1st period - Jakob Chychrun is hit by Nick Bjugstad and loses puck.
5:28 of 1st period - Ivan Provorov is hit by Andrew Mangiapane and loses puck.
6:25 of 1st period - Slapshot by Joshua Morrissey.
6:25 of 1st period - Stopped by Cam Talbot without a rebound.
6:26 of 1st period - Nazem Kadri wins face-off versus Nicolas Roy in Toronto Maple Leafs zone.
6:50 of 1st period - William Nylander is hit by Dougie Hamilton and loses puck.
7:17 of 1st period - Wrist shot by Nino Niederreiter.
7:17 of 1st period - Stopped by Jack Campbell with a rebound.
7:19 of 1st period - Snap shot by Nick Bjugstad.
7:19 of 1st period - Stopped by Jack Campbell with a rebound.
7:21 of 1st period - Snap shot by Nick Bjugstad.
7:21 of 1st period - Stopped by Jack Campbell with a rebound.
7:23 of 1st period - Snap shot by Nick Bjugstad.
7:23 of 1st period - Stopped by Jack Campbell without a rebound.
7:24 of 1st period - J.T. Compher wins face-off versus Sam Bennett in Anaheim Ducks zone.
7:41 of 1st period - Sam Bennett is hit by Teuvo Teravainen and loses puck.
8:05 of 1st period - Wrist shot by Troy Terry.
8:05 of 1st period - Goal by Troy Terry - Anaheim Ducks : 0 - Toronto Maple Leafs : 1.
8:06 of 1st period - Sam Bennett wins face-off versus John Tavares in neutral zone.
9:17 of 1st period - Snap shot by Andrew Mangiapane.
9:17 of 1st period - Stopped by Jack Campbell without a rebound.
9:18 of 1st period - Nazem Kadri wins face-off versus Nick Bjugstad in Anaheim Ducks zone.
9:23 of 1st period - Wrist shot by Nazem Kadri.
9:23 of 1st period - Stopped by Cam Talbot with a rebound.
9:25 of 1st period - Backhand shot by Calle Jarnkrok.
9:25 of 1st period - Stopped by Cam Talbot without a rebound.
9:26 of 1st period - John Tavares wins face-off versus Sam Bennett in Toronto Maple Leafs zone.
9:52 of 1st period - Troy Terry is hit by Brenden Dillon.
9:58 of 1st period - Snap shot by Chandler Stephenson.
9:58 of 1st period - Deflect By Alex Killorn.
9:58 of 1st period - Stopped by Cam Talbot without a rebound.
9:59 of 1st period - Scott Laughton wins face-off versus Chandler Stephenson in Toronto Maple Leafs zone.
10:16 of 1st period - Wrist shot by Troy Terry.
10:16 of 1st period - Shot Misses the Net.
10:26 of 1st period - Slapshot by Brady Tkachuk.
10:26 of 1st period - Shot Misses the Net.
10:28 of 1st period - Slapshot by Cody Ceci.
10:28 of 1st period - Stopped by Jack Campbell with a rebound.
10:30 of 1st period - Snap shot by Sam Bennett.
10:30 of 1st period - Deflect By Brady Tkachuk.
10:30 of 1st period - Shot Misses the Net.
10:30 of 1st period - Puck is out of play.
10:31 of 1st period - Sam Bennett wins face-off versus John Tavares in Anaheim Ducks zone.
10:36 of 1st period - Snap shot by Sam Bennett.
10:36 of 1st period - Shot Misses the Net.
10:58 of 1st period - Trevor Zegras is hit by J.T. Compher.
11:02 of 1st period - Wrist shot by Troy Terry.
11:02 of 1st period - Goal by Troy Terry - Anaheim Ducks : 0 - Toronto Maple Leafs : 2.
11:03 of 1st period - John Tavares wins face-off versus Sam Bennett in neutral zone.
11:08 of 1st period - Snap shot by Mark Scheifele.
11:08 of 1st period - Shot Misses the Net.
11:10 of 1st period - Snap shot by John Tavares.
11:10 of 1st period - Shot Blocked by Sam Bennett.
11:12 of 1st period - Slapshot by Joshua Morrissey.
11:12 of 1st period - Stopped by Cam Talbot without a rebound.
11:13 of 1st period - John Tavares wins face-off versus Sam Bennett in Toronto Maple Leafs zone.
11:30 of 1st period - Slapshot by William Nylander.
11:30 of 1st period - Stopped by Cam Talbot with a rebound.
11:38 of 1st period - Wrist shot by Mark Scheifele.
11:38 of 1st period - Shot Misses the Net.
11:40 of 1st period - Slapshot by Esa Lindell.
11:40 of 1st period - Deflect By Sam Bennett.
11:40 of 1st period - Stopped by Cam Talbot with a rebound.
11:42 of 1st period - Wrist shot by John Tavares.
11:42 of 1st period - Stopped by Cam Talbot without a rebound.
11:43 of 1st period - Chandler Stephenson wins face-off versus Scott Laughton in Toronto Maple Leafs zone.
11:59 of 1st period - Luke Schenn beats up Alex Killorn.
11:59 of 1st period - Penalty to Luke Schenn for Fighting.
11:59 of 1st period - Penalty to Alex Killorn for Fighting.
12:00 of 1st period - Nicolas Roy wins face-off versus Teuvo Teravainen in Toronto Maple Leafs zone.
12:38 of 1st period - Snap shot by Trevor Zegras.
12:38 of 1st period - Stopped by Jack Campbell without a rebound.
12:39 of 1st period - Max Domi wins face-off versus Sam Bennett in Anaheim Ducks zone.
12:50 of 1st period - Wrist shot by Brandon Saad.
12:50 of 1st period - Stopped by Jack Campbell without a rebound.
12:51 of 1st period - Chandler Stephenson wins face-off versus Sam Bennett in Anaheim Ducks zone.
12:53 of 1st period - Minor Penalty to Josh Manson for Holding.
12:54 of 1st period - Sam Bennett wins face-off versus Chandler Stephenson in Anaheim Ducks zone.
13:06 of 1st period - Wrist shot by Sam Bennett.
13:06 of 1st period - Shot Misses the Net.
13:08 of 1st period - Snap shot by Troy Terry.
13:08 of 1st period - Shot Misses the Net.
13:10 of 1st period - Snap shot by Sam Bennett.
13:10 of 1st period - Shot Misses the Net.
13:48 of 1st period - Ryan Pulock is hit by Brenden Dillon and loses puck.
13:53 of 1st period - Wrist shot by J.T. Compher.
13:53 of 1st period - Stopped by Cam Talbot with a rebound.
13:55 of 1st period - Slapshot by Ivan Provorov.
13:55 of 1st period - Shot Misses the Net.
14:53 of 1st period - Penalty to Josh Manson is over, Josh Manson is back on ice.
15:10 of 1st period - Kyle Okposo is hit by William Nylander and loses puck.
15:31 of 1st period - Slapshot by Nazem Kadri.
15:31 of 1st period - Shot Misses the Net.
15:56 of 1st period - Brandon Saad is hit by Joshua Morrissey and loses puck.
17:10 of 1st period - Snap shot by Nazem Kadri.
17:10 of 1st period - Stopped by Cam Talbot with a rebound.
17:20 of 1st period - Snap shot by William Nylander.
17:20 of 1st period - Stopped by Cam Talbot with a rebound.
17:22 of 1st period - Slapshot by Joshua Morrissey.
17:22 of 1st period - Shot Misses the Net.
17:54 of 1st period - Slapshot by Joshua Morrissey.
17:54 of 1st period - Shot Blocked by Andrew Mangiapane.
18:10 of 1st period - Brenden Dillon is hit by Troy Terry and loses puck.
19:12 of 1st period - Minor Penalty to Luke Schenn for Roughing.
19:13 of 1st period - Nick Bjugstad wins face-off versus John Tavares in Toronto Maple Leafs zone.
19:29 of 1st period - Wrist shot by William Nylander.
19:29 of 1st period - Shot Misses the Net.
Goals for this period are 0 for Anaheim Ducks vs 2 for Toronto Maple Leafs.
Shots for this period are 13 for Anaheim Ducks vs 11 for Toronto Maple Leafs.
2nd period
0:01 of 2nd period - Nick Bjugstad wins face-off versus John Tavares in neutral zone.
0:33 of 2nd period - Minor Penalty to Joshua Morrissey for Tripping.
0:34 of 2nd period - Scott Laughton wins face-off versus John Tavares in Anaheim Ducks zone.
0:34 of 2nd period - Wrist shot by Troy Terry.
0:34 of 2nd period - Stopped by Jack Campbell without a rebound.
0:35 of 2nd period - Scott Laughton wins face-off versus William Nylander in Anaheim Ducks zone.
0:42 of 2nd period - Snap shot by Scott Laughton.
0:42 of 2nd period - Stopped by Jack Campbell with a rebound.
0:48 of 2nd period - Wrist shot by William Nylander.
0:48 of 2nd period - Stopped by Cam Talbot with a rebound.
1:12 of 2nd period - Penalty to Luke Schenn is over, Luke Schenn is back on ice.
1:47 of 2nd period - Slapshot by Trevor Zegras.
1:47 of 2nd period - Shot Misses the Net.
1:57 of 2nd period - Slapshot by Chandler Stephenson.
1:57 of 2nd period - Shot Blocked by Trevor Zegras.
2:33 of 2nd period - Penalty to Joshua Morrissey is over, Joshua Morrissey is back on ice.
3:03 of 2nd period - Snap shot by Nino Niederreiter.
3:03 of 2nd period - Shot Misses the Net.
4:30 of 2nd period - Brenden Dillon is hit by Scott Laughton and loses puck.
4:41 of 2nd period - Jakob Chychrun is hit by Nicolas Roy and loses puck.
5:00 of 2nd period - Snap shot by Sam Bennett.
5:00 of 2nd period - Shot Misses the Net.
5:40 of 2nd period - Mario Ferraro is hit by J.T. Compher and loses puck.
5:53 of 2nd period - Mario Ferraro is hit by Ivan Provorov and loses puck.
6:00 of 2nd period - Max Domi is hit by Cody Ceci.
6:04 of 2nd period - Cody Ceci is hit by Josh Manson and loses puck.
6:19 of 2nd period - Slapshot by Andrew Mangiapane.
6:19 of 2nd period - Stopped by Jack Campbell with a rebound.
6:21 of 2nd period - Slapshot by Andrew Mangiapane.
6:21 of 2nd period - Stopped by Jack Campbell with a rebound.
6:27 of 2nd period - Wrist shot by Kyle Okposo.
6:27 of 2nd period - Stopped by Jack Campbell with a rebound.
6:46 of 2nd period - Josh Manson is hit by Warren Foegele and loses puck.
6:57 of 2nd period - William Nylander is hit by Aaron Ekblad and loses puck.
7:36 of 2nd period - Slapshot by Andrew Mangiapane.
7:36 of 2nd period - Shot Blocked by Esa Lindell.
7:49 of 2nd period - Dougie Hamilton is hit by Joshua Morrissey.
8:09 of 2nd period - Snap shot by Nino Niederreiter.
8:09 of 2nd period - Stopped by Jack Campbell without a rebound.
8:10 of 2nd period - Nazem Kadri wins face-off versus Nick Bjugstad in Anaheim Ducks zone.
8:35 of 2nd period - Slapshot by Nick Bjugstad.
8:35 of 2nd period - Shot Misses the Net.
8:47 of 2nd period - Wrist shot by Nino Niederreiter.
8:47 of 2nd period - Deflect By Nick Bjugstad.
8:47 of 2nd period - Shot Misses the Net.
8:47 of 2nd period - Puck is out of play.
8:48 of 2nd period - Chandler Stephenson wins face-off versus Sam Bennett in Anaheim Ducks zone.
8:57 of 2nd period - Slapshot by Max Domi.
8:57 of 2nd period - Shot Misses the Net.
8:59 of 2nd period - Slapshot by Ivan Provorov.
8:59 of 2nd period - Shot Blocked by Brady Tkachuk.
9:01 of 2nd period - Wrist shot by Chandler Stephenson.
9:01 of 2nd period - Stopped by Cam Talbot with a rebound.
9:03 of 2nd period - Slapshot by Ivan Provorov.
9:03 of 2nd period - Shot Misses the Net.
9:05 of 2nd period - Wrist shot by Max Domi.
9:05 of 2nd period - Stopped by Cam Talbot without a rebound.
9:06 of 2nd period - John Tavares wins face-off versus Scott Laughton in Toronto Maple Leafs zone.
9:07 of 2nd period - Wrist shot by Mark Scheifele.
9:07 of 2nd period - Stopped by Cam Talbot without a rebound.
9:08 of 2nd period - John Tavares wins face-off versus Scott Laughton in Toronto Maple Leafs zone.
10:24 of 2nd period - Snap shot by Mark Scheifele.
10:24 of 2nd period - Deflect By William Nylander.
10:24 of 2nd period - Goal by William Nylander - Anaheim Ducks : 1 - Toronto Maple Leafs : 2.
10:25 of 2nd period - Mark Scheifele wins face-off versus Brady Tkachuk in neutral zone.
10:25 of 2nd period - Mark Scheifele is hit by Brady Tkachuk.
11:09 of 2nd period - Snap shot by Brady Tkachuk.
11:09 of 2nd period - Deflect By Sam Bennett.
11:09 of 2nd period - Stopped by Jack Campbell without a rebound.
11:10 of 2nd period - John Tavares wins face-off versus Trevor Zegras in Anaheim Ducks zone.
11:23 of 2nd period - Snap shot by William Nylander.
11:23 of 2nd period - Stopped by Cam Talbot without a rebound.
11:24 of 2nd period - John Tavares wins face-off versus Scott Laughton in Toronto Maple Leafs zone.
11:32 of 2nd period - Minor Penalty to Aaron Ekblad for Hooking.
11:33 of 2nd period - John Tavares wins face-off versus Nick Bjugstad in Toronto Maple Leafs zone.
12:08 of 2nd period - Slapshot by Jakob Chychrun.
12:08 of 2nd period - Stopped by Cam Talbot with a rebound.
12:41 of 2nd period - Icing by William Nylander.
12:42 of 2nd period - Nick Bjugstad wins face-off versus John Tavares in Anaheim Ducks zone.
13:32 of 2nd period - Penalty to Aaron Ekblad is over, Aaron Ekblad is back on ice.
13:45 of 2nd period - Minor Penalty to Sam Bennett for Diving.
13:46 of 2nd period - Chandler Stephenson wins face-off versus Nick Bjugstad in Toronto Maple Leafs zone.
15:12 of 2nd period - Chandler Stephenson is hit by Luke Schenn and loses puck.
15:45 of 2nd period - Penalty to Sam Bennett is over, Sam Bennett is back on ice.
16:27 of 2nd period - Nazem Kadri is hit by Andrew Mangiapane and loses puck.
16:32 of 2nd period - Snap shot by Andrew Mangiapane.
16:32 of 2nd period - Stopped by Jack Campbell with a rebound.
17:11 of 2nd period - Minor Penalty to Sam Bennett for Hooking.
17:12 of 2nd period - Nick Bjugstad wins face-off versus John Tavares in Toronto Maple Leafs zone.
17:47 of 2nd period - Icing by Chandler Stephenson.
17:48 of 2nd period - Scott Laughton wins face-off versus Chandler Stephenson in Anaheim Ducks zone.
17:49 of 2nd period - Snap shot by Kyle Okposo.
17:49 of 2nd period - Shot Misses the Net.
17:59 of 2nd period - Snap shot by Chandler Stephenson.
17:59 of 2nd period - Shot Misses the Net.
18:01 of 2nd period - Wrist shot by Brayden Schenn.
18:01 of 2nd period - Goal by Brayden Schenn - Anaheim Ducks : 2 - Toronto Maple Leafs : 2.
18:02 of 2nd period - John Tavares wins face-off versus Sam Bennett in neutral zone.
18:05 of 2nd period - Cody Ceci is hit by John Tavares and loses puck.
18:24 of 2nd period - Icing by Jakob Chychrun.
18:25 of 2nd period - Scott Laughton wins face-off versus John Tavares in Anaheim Ducks zone.
19:14 of 2nd period - Snap shot by William Nylander.
19:14 of 2nd period - Stopped by Cam Talbot with a rebound.
19:16 of 2nd period - Slapshot by Brenden Dillon.
19:16 of 2nd period - Stopped by Cam Talbot without a rebound.
19:17 of 2nd period - Brady Tkachuk wins face-off versus Alex Killorn in Toronto Maple Leafs zone.
19:17 of 2nd period - Brady Tkachuk is hit by Max Domi.
19:44 of 2nd period - Kyle Okposo is hit by Esa Lindell and loses puck.
19:49 of 2nd period - Snap shot by J.T. Compher.
19:49 of 2nd period - Stopped by Cam Talbot with a rebound.
Goals for this period are 2 for Anaheim Ducks vs 0 for Toronto Maple Leafs.
Shots for this period are 11 for Anaheim Ducks vs 8 for Toronto Maple Leafs.
3rd period
0:01 of 3rd period - Sam Bennett wins face-off versus Chandler Stephenson in neutral zone.
0:14 of 3rd period - Wrist shot by Brady Tkachuk.
0:14 of 3rd period - Shot Blocked by Esa Lindell.
0:16 of 3rd period - Slapshot by Sam Bennett.
0:16 of 3rd period - Shot Misses the Net.
0:59 of 3rd period - Minor Penalty to Andrew Mangiapane for Hooking.
1:00 of 3rd period - John Tavares wins face-off versus Nick Bjugstad in Toronto Maple Leafs zone.
2:37 of 3rd period - Mark Scheifele is hit by Nino Niederreiter and loses puck.
2:59 of 3rd period - Penalty to Andrew Mangiapane is over, Andrew Mangiapane is back on ice.
3:12 of 3rd period - Snap shot by Mason Marchment.
3:12 of 3rd period - Stopped by Cam Talbot with a rebound.
4:50 of 3rd period - Joshua Morrissey is hit by Trevor Zegras and loses puck.
5:08 of 3rd period - Cody Ceci is hit by Mason Marchment and loses puck.
5:12 of 3rd period - Icing by Cody Ceci.
5:13 of 3rd period - Sam Bennett wins face-off versus Alex Killorn in Toronto Maple Leafs zone.
5:22 of 3rd period - Snap shot by Alex Killorn.
5:22 of 3rd period - Stopped by Cam Talbot with a rebound.
5:50 of 3rd period - Slapshot by Brady Tkachuk.
5:50 of 3rd period - Shot Misses the Net.
5:52 of 3rd period - Slapshot by Aaron Ekblad.
5:52 of 3rd period - Shot Misses the Net.
5:54 of 3rd period - Wrist shot by Brandon Saad.
5:54 of 3rd period - Shot Blocked by Brenden Dillon.
5:56 of 3rd period - Wrist shot by Brandon Saad.
5:56 of 3rd period - Shot Blocked by Alex Killorn.
5:58 of 3rd period - Snap shot by Brandon Saad.
5:58 of 3rd period - Shot Blocked by Chandler Stephenson.
6:08 of 3rd period - Chandler Stephenson is hit by Dougie Hamilton and loses puck.
6:13 of 3rd period - Wrist shot by Brady Tkachuk.
6:13 of 3rd period - Stopped by Jack Campbell with a rebound.
6:15 of 3rd period - Wrist shot by Brady Tkachuk.
6:15 of 3rd period - Deflect By Sam Bennett.
6:15 of 3rd period - Stopped by Jack Campbell with a rebound.
6:17 of 3rd period - Slapshot by Dougie Hamilton.
6:17 of 3rd period - Stopped by Jack Campbell with a rebound.
6:31 of 3rd period - Wrist shot by Max Domi.
6:31 of 3rd period - Shot Misses the Net.
6:33 of 3rd period - Slapshot by Brenden Dillon.
6:33 of 3rd period - Stopped by Cam Talbot without a rebound.
6:34 of 3rd period - Scott Laughton wins face-off versus John Tavares in Toronto Maple Leafs zone.
7:11 of 3rd period - Ryan Pulock is hit by Teuvo Teravainen and loses puck.
7:38 of 3rd period - Ivan Provorov is hit by Warren Foegele and loses puck.
7:56 of 3rd period - Snap shot by Nino Niederreiter.
7:56 of 3rd period - Shot Hit the Post.
8:12 of 3rd period - Slapshot by Aaron Ekblad.
8:12 of 3rd period - Shot Misses the Net.
8:22 of 3rd period - Snap shot by Nick Bjugstad.
8:22 of 3rd period - Stopped by Jack Campbell without a rebound.
8:23 of 3rd period - Scott Laughton wins face-off versus John Tavares in Anaheim Ducks zone.
8:51 of 3rd period - Wrist shot by Teuvo Teravainen.
8:51 of 3rd period - Shot Misses the Net.
8:55 of 3rd period - Snap shot by Brayden Schenn.
8:55 of 3rd period - Stopped by Cam Talbot with a rebound.
8:57 of 3rd period - Wrist shot by Brayden Schenn.
8:57 of 3rd period - Shot Hit the Post.
9:19 of 3rd period - Icing by Brenden Dillon.
9:20 of 3rd period - Scott Laughton wins face-off versus Chandler Stephenson in Anaheim Ducks zone.
9:23 of 3rd period - Wrist shot by Troy Terry.
9:23 of 3rd period - Shot Misses the Net.
9:53 of 3rd period - Off-side.
9:54 of 3rd period - John Tavares wins face-off versus Sam Bennett in neutral zone.
9:57 of 3rd period - Wrist shot by Joshua Morrissey.
9:57 of 3rd period - Shot Misses the Net.
10:21 of 3rd period - Ryan Pulock is hit by Esa Lindell and loses puck.
10:52 of 3rd period - Snap shot by Nino Niederreiter.
10:52 of 3rd period - Stopped by Jack Campbell with a rebound.
10:54 of 3rd period - Snap shot by Nino Niederreiter.
10:54 of 3rd period - Shot Blocked by Alex Killorn.
11:00 of 3rd period - Minor Penalty to Josh Manson for Roughing.
11:01 of 3rd period - Sam Bennett wins face-off versus Chandler Stephenson in Anaheim Ducks zone.
11:04 of 3rd period - Snap shot by Brady Tkachuk.
11:04 of 3rd period - Goal by Brady Tkachuk - Anaheim Ducks : 2 - Toronto Maple Leafs : 3.
11:05 of 3rd period - John Tavares wins face-off versus Sam Bennett in neutral zone.
12:00 of 3rd period - Wrist shot by Nazem Kadri.
12:00 of 3rd period - Shot Misses the Net.
12:12 of 3rd period - Nick Bjugstad is hit by J.T. Compher and loses puck.
12:21 of 3rd period - Slapshot by Dougie Hamilton.
12:21 of 3rd period - Stopped by Jack Campbell without a rebound.
12:22 of 3rd period - John Tavares wins face-off versus Sam Bennett in Anaheim Ducks zone.
12:22 of 3rd period - John Tavares is hit by Sam Bennett.
12:58 of 3rd period - Snap shot by Chandler Stephenson.
12:58 of 3rd period - Stopped by Cam Talbot with a rebound.
13:00 of 3rd period - Slapshot by Ivan Provorov.
13:00 of 3rd period - Deflect By Max Domi.
13:00 of 3rd period - Shot Blocked by Mario Ferraro.
13:00 of 3rd period - Puck is out of play.
13:01 of 3rd period - Sam Bennett wins face-off versus John Tavares in Toronto Maple Leafs zone.
13:13 of 3rd period - Off-side.
13:14 of 3rd period - John Tavares wins face-off versus Sam Bennett in neutral zone.
13:21 of 3rd period - Slapshot by Aaron Ekblad.
13:21 of 3rd period - Shot Blocked by Esa Lindell.
13:23 of 3rd period - Backhand shot by Brady Tkachuk.
13:23 of 3rd period - Stopped by Jack Campbell with a rebound.
13:25 of 3rd period - Snap shot by Aaron Ekblad.
13:25 of 3rd period - Deflect By Joshua Morrissey.
13:25 of 3rd period - Stopped by Jack Campbell with a rebound.
13:27 of 3rd period - Slapshot by Aaron Ekblad.
13:27 of 3rd period - Stopped by Jack Campbell with a rebound.
13:29 of 3rd period - Snap shot by Brandon Saad.
13:29 of 3rd period - Stopped by Jack Campbell without a rebound.
13:30 of 3rd period - Chandler Stephenson wins face-off versus Scott Laughton in Anaheim Ducks zone.
14:35 of 3rd period - Snap shot by Sam Bennett.
14:35 of 3rd period - Stopped by Jack Campbell without a rebound.
14:36 of 3rd period - Scott Laughton wins face-off versus John Tavares in Anaheim Ducks zone.
14:47 of 3rd period - Wrist shot by Troy Terry.
14:47 of 3rd period - Stopped by Jack Campbell without a rebound.
14:48 of 3rd period - John Tavares wins face-off versus Scott Laughton in Anaheim Ducks zone.
14:48 of 3rd period - John Tavares is hit by Troy Terry.
14:56 of 3rd period - Slapshot by Troy Terry.
14:56 of 3rd period - Stopped by Jack Campbell with a rebound.
15:38 of 3rd period - Slapshot by Max Domi.
15:38 of 3rd period - Stopped by Cam Talbot without a rebound.
15:39 of 3rd period - Sam Bennett wins face-off versus Chandler Stephenson in Toronto Maple Leafs zone.
16:16 of 3rd period - Snap shot by Brayden Schenn.
16:16 of 3rd period - Shot Misses the Net.
16:42 of 3rd period - Minor Penalty to Joshua Morrissey for Tripping.
16:43 of 3rd period - Sam Bennett wins face-off versus Chandler Stephenson in Anaheim Ducks zone.
17:09 of 3rd period - J.T. Compher is hit by Aaron Ekblad and loses puck.
17:14 of 3rd period - Wrist shot by Sam Bennett.
17:14 of 3rd period - Goal by Sam Bennett - Anaheim Ducks : 2 - Toronto Maple Leafs : 4.
17:15 of 3rd period - Nicolas Roy wins face-off versus J.T. Compher in neutral zone.
17:47 of 3rd period - Slapshot by Cody Ceci.
17:47 of 3rd period - Stopped by Jack Campbell with a rebound.
18:14 of 3rd period - Brandon Saad is hit by Josh Manson and loses puck.
18:31 of 3rd period - Wrist shot by Trevor Zegras.
18:31 of 3rd period - Stopped by Jack Campbell without a rebound.
18:32 of 3rd period - Scott Laughton wins face-off versus J.T. Compher in Anaheim Ducks zone.
18:35 of 3rd period - Wrist shot by Troy Terry.
18:35 of 3rd period - Shot Misses the Net.
18:37 of 3rd period - Slapshot by Dougie Hamilton.
18:37 of 3rd period - Stopped by Jack Campbell with a rebound.
18:39 of 3rd period - Wrist shot by Troy Terry.
18:39 of 3rd period - Shot Blocked by Teuvo Teravainen.
18:41 of 3rd period - Snap shot by Troy Terry.
18:41 of 3rd period - Shot Blocked by Jakob Chychrun.
18:43 of 3rd period - Wrist shot by Scott Laughton.
18:43 of 3rd period - Stopped by Jack Campbell without a rebound.
18:44 of 3rd period - Sam Bennett wins face-off versus J.T. Compher in Anaheim Ducks zone.
18:55 of 3rd period - Snap shot by Sam Bennett.
18:55 of 3rd period - Shot Misses the Net.
18:57 of 3rd period - Slapshot by Brady Tkachuk.
18:57 of 3rd period - Stopped by Jack Campbell with a rebound.
18:59 of 3rd period - Backhand shot by Ryan Pulock.
18:59 of 3rd period - Deflect By Sam Bennett.
18:59 of 3rd period - Shot Misses the Net.
18:59 of 3rd period - Puck is out of play.
19:00 of 3rd period - John Tavares wins face-off versus Nicolas Roy in Anaheim Ducks zone.
19:59 of 3rd period - Dougie Hamilton is hit by John Tavares and loses puck.
Goals for this period are 0 for Anaheim Ducks vs 2 for Toronto Maple Leafs.
Shots for this period are 6 for Anaheim Ducks vs 20 for Toronto Maple Leafs.
Back to the Top